 Dungeon Crawl Stone Soup version 0.28.0 (webtiles) character file.

Game seed: 9550688188665402032

808 mopl the Ducker (level 7, 0/60 HPs)
             Began as a Gnoll Monk on Feb 14, 2022.
             Was an Initiate of Ru.
             Slain by an orc wizard (3 damage)
             ... on level 4 of the Dungeon.
             The game lasted 00:06:56 (3719 turns).

mopl the Ducker (Gnoll Monk)                        Turns: 3719, Time: 00:06:57

Health: 0/60       AC:  7    Str: 12      XL:     7   Next: 92%
Magic:  11/11      EV: 14    Int:  8 (10) God:    Ru [......]
Gold:   84         SH:  0    Dex: 14      Spells: 11/11 levels left

rFire   + . .      SeeInvis .   g - +2 dagger (venom)
rCold   . . .      Faith    .   (no shield)
rNeg    . . .      Spirit   .   v - +1 leather armour {rF+}
rPois   .          Reflect  .   (no helmet)
rElec   .          Harm     .   q - +0 cloak
rCorr   .          Rampage  .   t - +0 pair of gloves
Will    .....                   l - +0 pair of boots
Stlth   +++.......              (no amulet)
HPRegen 0.20/turn               (no ring)
MPRegen 0.12/turn               (no ring)

@: no status effects
A: fangs 1, strong nose, distributed training
a: Renounce Religion


You were on level 4 of the Dungeon.
You worshipped Ru.
Ru was noncommittal.
You visited 1 branch of the dungeon, and saw 4 of its levels.
You also visited: Sewer.

You collected 84 gold pieces.

Inventory:

Hand Weapons
 a - a +0 mace
 g - a +2 dagger of venom (weapon)
 h - a +0 hunting sling
 p - a +4 quarterstaff of chaos
 D - a +1 flail of protection
Missiles
 b - 2 curare-tipped darts
 c - 28 sling bullets
 d - 39 arrows
 e - 61 bolts
 f - 82 stones (quivered)
 w - 9 poisoned darts
 E - 2 throwing nets
Armour
 l - a +0 pair of boots (worn)
 q - a +0 cloak (worn)
 t - a +0 pair of gloves (worn)
 v - a +1 leather armour of fire resistance (worn)
Wands
 j - a wand of flame (5)
 u - a wand of paralysis (9)
Scrolls
 i - a scroll of enchant armour {unknown}
 k - a scroll of blinking {unknown}
 n - a scroll of immolation {unknown}
 s - a scroll of vulnerability {unknown}
 x - a scroll of teleportation {unknown}
 y - a scroll of magic mapping {unknown}
 z - 3 scrolls of amnesia {unknown}
Potions
 m - 2 potions of curing
 o - a potion of degeneration {unknown}
 r - 2 potions of mutation {unknown}
 A - a potion of cancellation {unknown}
 B - a potion of resistance {unknown}
 C - 2 potions of heal wounds {unknown}


   Skills:
 + Level 7.1 Fighting
 + Level 2.8 Short Blades
 + Level 2.8 Long Blades
 + Level 2.8 Axes
 + Level 7.1 Maces & Flails
 + Level 2.8 Polearms
 + Level 2.8 Staves
 + Level 2.8 Slings
 + Level 2.8 Bows
 + Level 2.8 Crossbows
 + Level 2.8 Throwing
 + Level 2.8 Armour
 + Level 7.1 Dodging
 + Level 5.1 Stealth
 + Level 2.8 Shields
 + Level 2.8 Unarmed Combat
 + Level 2.8 Spellcasting
 + Level 2.2 Conjurations
 + Level 2.2 Hexes
 + Level 2.2 Summonings
 + Level 2.2 Necromancy
 + Level 2.2 Translocations
 + Level 2.2 Transmutations
 + Level 2.2 Fire Magic
 + Level 2.2 Ice Magic
 + Level 2.2 Air Magic
 + Level 2.2 Earth Magic
 + Level 2.2 Poison Magic
 + Level 3.1 Invocations
 + Level 2.8 Evocations


You had 11 spell levels left.
You didn't know any spells.
Your spell library contained the following spells:

 Spells                   Type           Power      Damage    Failure   Level
 Confusing Touch          Hex            4%         N/A       45%         3
 Fireball                 Conj/Fire      2%         3d4       99%         5
 Yara's Violent Unravell  Hex/Tmut       2%         3d3       99%         5
 Starburst                Conj/Fire      2%         6d3       100%        6
 Enfeeble                 Hex            2%         N/A       100%        7
 Ignition                 Fire           2%         3d3       100%        8


Dungeon Overview and Level Annotations

Branches:
Dungeon (4/15)              Sewer (visited)
 Temple: D:4-7

Altars:
Cheibriados
Hepliaklqana
Ru
Sif Muna


Innate Abilities, Weirdness & Mutations

You have very sharp teeth.
Your uncanny sense of smell can sniff out nearby items.
Your experience applies equally to all skills.


Message History

The orc hits you with a +0 mace.
You barely miss the orc. The orc hits you but does no damage.
You hit the orc but do no damage.
The orc is poisoned.
Your bite misses the orc. The orc hits you with a +0 mace!
* * * LOW HITPOINT WARNING * * *
You hit the orc. You bite the orc, but do no damage.
The orc is moderately wounded.
The orc barely misses you.
You hit the orc but do no damage.
The orc is heavily wounded.
The orc misses you.
You hit the orc.
You kill the orc!
You hit the dart slug.
The dart slug is poisoned.
The dart slug is moderately wounded.
You hit the dart slug.
The dart slug looks as sick as possible!
The dart slug is severely wounded.
You kill the dart slug!
You hear some strange, mumbled words.
You are confused.
You bump into the rock wall.
Something barely misses you.
You closely miss something. Something hits you but does no damage.
You bump into the rock wall.
Something hits you.
* * * LOW HITPOINT WARNING * * *
You bump into the rock wall.
You feel less confused. Something hits you.
* * * LOW HITPOINT WARNING * * *
Something hits you but does no damage.
You hear some strange, mumbled words.
A magic dart appears from out of thin air!
The magic dart hits you!
* * * LOW HITPOINT WARNING * * *
Items here: ( ) [ †.
You closely miss something. Something hits you.
* * * LOW HITPOINT WARNING * * *
You hit something. You bite something. Something hits you but does no damage.
You miss something. Something hits you.
You die...

##.##.#.#
#....... .
#......# .#
#......##...
#..[......
#..)...##..#
#...)....(.
#.##.#.##..#
#.##@#(# .#
#.#{...##...
#...).(....#
###....#####
##.#......
#.#######
#.# #.# .# #
#.# .


There were no monsters in sight!

Vanquished Creatures
  A necrophage (D:3)
  4 kobold brigands (Sewer)
  A phantom (D:3)
  Crazy Yiuf (D:2)
  A gnoll shaman (D:3)
  An orc wizard (D:4)
  Jessica (D:3)
  Natasha (twice) (D:2)
  Terence (D:2)
  Ijyb (D:3)
  3 adders (D:4)
  A howler monkey skeleton (D:4)
  5 gnolls
  3 dart slugs
  3 orcs
  4 bats
  5 endoplasms
  6 giant cockroaches
  5 goblins
  7 hobgoblins
  10 ball pythons
  3 frilled lizards
  14 kobolds
  2 rats
85 creatures vanquished.

Notes
Turn   | Place    | Note
-------+----------+-------------------------------------------
     0 | D:1      | mopl the Gnoll Monk began the quest for the Orb.
     0 | D:1      | Reached XP level 1. HP: 23/23 MP: 1/1
   207 | D:1      | Reached XP level 2. HP: 29/29 MP: 2/2
   624 | D:1      | You fall into a shaft and drop 1 floor!
   670 | D:2      | Found a faded altar of an unknown god.
   673 | D:2      | Prayed at the altar of an unknown god.
   673 | D:2      | Became a worshipper of Sif Muna the Loreminder
   673 | D:2      | Reached * piety under Sif Muna
   673 | D:2      | Reached ** piety under Sif Muna
   674 | D:2      | Fell from the grace of Sif Muna
   711 | D:2      | Noticed Natasha
   712 | D:2      | Noticed a crimson imp
   720 | D:2      | Killed Natasha
   721 | D:2      | Reached skill level 1 in Invocations
   721 | D:2      | Reached XP level 3. HP: 16/35 MP: 2/4
   941 | D:2      | Noticed Natasha
   957 | D:2      | Killed Natasha
   958 | D:2      | Reached skill level 1 in Short Blades
   958 | D:2      | Reached skill level 1 in Long Blades
   958 | D:2      | Reached skill level 1 in Axes
   958 | D:2      | Reached skill level 1 in Polearms
   958 | D:2      | Reached skill level 1 in Staves
   958 | D:2      | Reached skill level 1 in Slings
   958 | D:2      | Reached skill level 1 in Bows
   958 | D:2      | Reached skill level 1 in Crossbows
   958 | D:2      | Reached skill level 1 in Throwing
   958 | D:2      | Reached skill level 1 in Armour
   958 | D:2      | Reached skill level 1 in Shields
   958 | D:2      | Reached skill level 1 in Unarmed Combat
   958 | D:2      | Reached skill level 1 in Spellcasting
   958 | D:2      | Reached skill level 1 in Evocations
   958 | D:2      | Reached XP level 4. HP: 33/41 MP: 5/5
  1058 | D:2      | Noticed Terence
  1069 | D:2      | Killed Terence
  1070 | D:2      | Reached skill level 1 in Conjurations
  1070 | D:2      | Reached skill level 1 in Hexes
  1070 | D:2      | Reached skill level 1 in Summonings
  1070 | D:2      | Reached skill level 1 in Necromancy
  1070 | D:2      | Reached skill level 1 in Translocations
  1070 | D:2      | Reached skill level 1 in Transmutations
  1070 | D:2      | Reached skill level 1 in Fire Magic
  1070 | D:2      | Reached skill level 1 in Ice Magic
  1070 | D:2      | Reached skill level 1 in Air Magic
  1070 | D:2      | Reached skill level 1 in Earth Magic
  1070 | D:2      | Reached skill level 1 in Poison Magic
  1502 | D:2      | Found a runed translucent door.
  1503 | D:2      | Noticed Crazy Yiuf
  1614 | D:2      | Killed Crazy Yiuf
  1615 | D:2      | Reached XP level 5. HP: 24/47 MP: 0/7
  2192 | D:3      | Found a hazy altar of Hepliaklqana.
  2329 | D:3      | Noticed a phantom
  2347 | D:3      | Killed a phantom
  2610 | D:3      | Noticed a necrophage
  2630 | D:3      | Found a sacrificial altar of Ru.
  2630 | D:3      | Found a snail-covered altar of Cheibriados.
  2660 | D:3      | Killed a necrophage
  2661 | D:3      | Reached skill level 2 in Invocations
  2661 | D:3      | Reached XP level 6. HP: 49/53 MP: 8/8
  2775 | D:3      | Noticed Ijyb
  2780 | D:3      | Noticed Jessica
  2783 | D:3      | Paralysed by Ijyb for 4 turns
  2797 | D:3      | Killed Ijyb
  2798 | D:3      | Reached skill level 2 in Short Blades
  2798 | D:3      | Reached skill level 2 in Long Blades
  2798 | D:3      | Reached skill level 2 in Axes
  2798 | D:3      | Reached skill level 2 in Polearms
  2798 | D:3      | Reached skill level 2 in Staves
  2798 | D:3      | Reached skill level 2 in Slings
  2798 | D:3      | Reached skill level 2 in Bows
  2798 | D:3      | Reached skill level 2 in Crossbows
  2798 | D:3      | Reached skill level 2 in Throwing
  2798 | D:3      | Reached skill level 2 in Armour
  2798 | D:3      | Reached skill level 2 in Shields
  2798 | D:3      | Reached skill level 2 in Unarmed Combat
  2798 | D:3      | Reached skill level 2 in Spellcasting
  2798 | D:3      | Reached skill level 2 in Evocations
  2834 | D:3      | Killed Jessica
  2845 | D:3      | Found a shimmering blue altar of Sif Muna.
  2959 | D:3      | Became a worshipper of Ru the Awakened
  2993 | D:4      | Found a glowing drain.
  3024 | Sewer    | Entered a sewer
  3068 | Sewer    | Reached XP level 7. HP: 34/59 MP: 10/10
  3325 | Sewer    | Reached skill level 7 in Fighting
  3325 | Sewer    | Reached skill level 7 in Maces & Flails
  3325 | Sewer    | Reached skill level 7 in Dodging
  3396 | Sewer    | Reached skill level 2 in Conjurations
  3396 | Sewer    | Reached skill level 2 in Hexes
  3396 | Sewer    | Reached skill level 2 in Summonings
  3396 | Sewer    | Reached skill level 2 in Necromancy
  3396 | Sewer    | Reached skill level 2 in Translocations
  3396 | Sewer    | Reached skill level 2 in Transmutations
  3396 | Sewer    | Reached skill level 2 in Fire Magic
  3396 | Sewer    | Reached skill level 2 in Ice Magic
  3396 | Sewer    | Reached skill level 2 in Air Magic
  3396 | Sewer    | Reached skill level 2 in Earth Magic
  3396 | Sewer    | Reached skill level 2 in Poison Magic
  3406 | Sewer    | Reached skill level 5 in Stealth
  3574 | D:3      | Reached skill level 3 in Invocations
  3717 | D:4      | HP: 3/60 [something (2)]
  3719 | D:4      | Slain by an orc wizard

Illustrated notes

Levels and vault maps discovered:
D:1:      lemuel_arrival_funnel, layout_loops_ring
D:2:      layout_loops_cross, shapermc_ecumenical_altar_mp_ritualfount,
          uniq_crazy_yiuf_cottage, uniq_terence, uniq_natasha
D:3:      layout_loops_cross, tgw_sif, mainiacjoe_overflow_divided_tiny,
          nicolae_overflow_crystal_walls, serial_park_tiny_2, uniq_ijyb
D:4:      layout_loops_ring, minmay_temple_entry_statues_pillars,
          gup_sewer_entry_glass, minmay_misc_feat_square

Skill      XL: |  1  2  3  4  5  6  7 |
---------------+----------------------+-----
Invocations    | 1 2 3 |  3.1
Short Blades   | 1 2 |  2.8
Long Blades    | 1 2 |  2.8
Axes           | 1 2 |  2.8
Polearms       | 1 2 |  2.8
Staves         | 1 2 |  2.8
Slings         | 1 2 |  2.8
Bows           | 1 2 |  2.8
Crossbows      | 1 2 |  2.8
Throwing       | 1 2 |  2.8
Armour         | 1 2 |  2.8
Shields        | 1 2 |  2.8
Unarmed Combat | 1 2 |  2.8
Spellcasting   | 1 2 |  2.8
Evocations     | 1 2 |  2.8
Conjurations   | 1 2 |  2.2
Hexes          | 1 2 |  2.2
Summonings     | 1 2 |  2.2
Necromancy     | 1 2 |  2.2
Translocations | 1 2 |  2.2
Transmutations | 1 2 |  2.2
Fire Magic     | 1 2 |  2.2
Ice Magic      | 1 2 |  2.2
Air Magic      | 1 2 |  2.2
Earth Magic    | 1 2 |  2.2
Poison Magic   | 1 2 |  2.2
Fighting       | 7 |  7.1
Maces & Flails | 7 |  7.1
Dodging        | 7 |  7.1
Stealth        | 5 |  5.1

Action                   |  1- 3 |  4- 6 |  7- 9 || total
-------------------------+-------+-------+-------++-------
Melee: Mace              |    23 |       |       ||    23
       Dagger            |    26 |    88 |   146 ||   260
       Bite              |     4 |    18 |    14 ||    36
       Punch             |     1 |     1 |     3 ||     5
       Quarterstaff      |       |    22 |       ||    22
Invok: Renounce Religion |     1 |       |       ||     1
 Stab: Sleeping          |     5 |     4 |     4 ||    13
       Distracted        |     1 |       |     1 ||     2
Armor: Robe              |     3 |    13 |       ||    16
       Leather armour    |       |    11 |    51 ||    62
Dodge: Dodged            |    36 |    69 |   118 ||   223
